 Dungeon Crawl Stone Soup version 0.23-a0-14-g8c9a20f (webtiles) character file.

1547 Loudmushroom the Cleaver (level 8, -1/71 HPs)
             Began as a Minotaur Berserker on Aug 2, 2018.
             Was an Elder of Trog.
             Slain by an orc warrior
             ... wielding a +0 hand axe
              (16 damage)
             ... on level 6 of the Dungeon.
             The game lasted 00:21:22 (6256 turns).

Loudmushroom the Cleaver (Minotaur Berserker)       Turns: 6256, Time: 00:21:22

Health: -1/71      AC: 11    Str: 21    XL:     8   Next: 57%
Magic:  7/7        EV: 13    Int:  4    God:    Trog [****..]
Gold:   340        SH:  0    Dex: 13    Spells: 7/7 levels left

rFire    . . .     SeeInvis .   a - +1 hand axe
rCold    . . .     Gourm    .   (no shield)
rNeg     . . .     Faith    +   x - +0 scale mail
rPois    .         Spirit   .   (helmet restricted)
rElec    .         Reflect  .   u - +0 cloak
rCorr    .         Harm     .   v - +1 pair of gloves
MR       .....                  (no boots)
Stlth    ..........             E - amulet of faith
HPRegen  0.21/turn              (no ring)
MPRegen  0.10/turn              (no ring)

@: no status effects
A: retaliatory headbutt, horns 2
a: Berserk, Trog's Hand, Brothers in Arms, Renounce Religion


You were on level 6 of the Dungeon.
You worshipped Trog.
Trog was greatly pleased with you.
You were not hungry.

You visited 1 branch of the dungeon, and saw 6 of its levels.

You collected 340 gold pieces.

Inventory:

Hand Weapons
 a - a +1 hand axe (weapon)
 b - a +0 hunting sling
 y - a +0 blowgun
Missiles
 d - 19 bolts
 f - 21 poisoned needles
 i - 179 stones
 l - 7 curare-tipped needles
 s - 8 javelins (quivered)
 w - 6 tomahawks
 B - 43 arrows
 C - 9 sling bullets
Armour
 q - a +0 buckler
 u - a +0 cloak (worn)
 v - a +1 pair of gloves (worn)
 x - a +0 scale mail (worn)
Jewellery
 E - an amulet of faith (around neck)
Wands
 r - a wand of disintegration (12)
Scrolls
 j - 4 scrolls of teleportation
 k - 2 scrolls of amnesia
 o - a scroll of enchant weapon
 p - a scroll of fog
 z - a scroll of magic mapping
 A - 3 scrolls of remove curse
Potions
 e - a potion of haste {unknown}
 g - 2 potions of curing
 h - 3 potions of agility
 m - a potion of heal wounds {unknown}
 n - a potion of degeneration {unknown}
 t - a potion of might {unknown}
 F - 3 potions of lignification
Comestibles
 c - 10 rations


   Skills:
 + Level 6.8 Fighting
 * Level 9.0 Axes
 + Level 6.2 Armour
 + Level 5.6 Dodging


You had 7 spell levels left.
You didn't know any spells.
Your spell library was empty.

Dungeon Overview and Level Annotations

Branches:
Dungeon (6/15)             Temple (0/1) D:6

Altars:
Ashenzari
Dithmenos


Innate Abilities, Weirdness & Mutations

You reflexively headbutt those who attack you in melee.
You have a pair of horns on your head.


Message History

* * * LOW HITPOINT WARNING * * *
You closely miss the orc warrior.
The orc warrior is severely wounded.
The orc warrior hits you but does no damage.
You closely miss the orc warrior.
You headbutt the orc warrior, but do no damage.
The orc warrior is severely wounded.
You hit the orc warrior but do no damage.
You headbutt the orc warrior, but do no damage.
The orc warrior is severely wounded.
The orc warrior barely misses you.
You hit the orc warrior but do no damage.
You headbutt the orc warrior, but do no damage.
The orc warrior is severely wounded.
The orc warrior hits you with a hand axe.
* * * LOW HITPOINT WARNING * * *
You closely miss the orc warrior.
The orc warrior is severely wounded.
The orc warrior hits you with a hand axe!
You die...

# .. #.## .....
#########o.....
#......@ooY....
#.#######c.....
#.# ..... #.#
.... #.# ...
#.# ## #.# #.#
#.#


You could see an orc warrior, an ice beast, a centaur, an orc priest and an orc
wizard.

Vanquished Creatures
  The ghost of nono the Skirmisher, an amateur BaFi (D:3)
  2 sky beasts
  An ice beast (D:6)
  2 ogres
  A centaur (D:5)
  A bullfrog (D:6)
  2 scorpions
  A bullfrog zombie (D:5)
  A centaur zombie (D:5)
  2 hounds
  3 orc priests
  A jelly (D:6)
  7 orc wizards
  An iguana (D:5)
  2 worker ants
  9 adders
  A shadow imp (D:5)
  2 oozes
  A worm (D:3)
  6 dart slugs
  16 orcs
  6 bats
  8 giant cockroaches
  13 goblins
  10 hobgoblins
  10 jackals
  3 quokkas
  A ball python (D:2)
  8 frilled lizards
  A jackal zombie (D:5)
  6 kobolds
  A leopard gecko zombie (D:5)
  8 rats
138 creatures vanquished.

Notes
Turn   | Place    | Note
-------+----------+-------------------------------------------
     0 | D:1      | Loudmushroom the Minotaur Berserker began the quest for the Orb.
     0 | D:1      | Reached XP level 1. HP: 19/19 MP: 0/0
   182 | D:1      | Reached XP level 2. HP: 21/27 MP: 1/1
   233 | D:1      | Reached skill level 4 in Axes
   645 | D:1      | Reached XP level 3. HP: 33/33 MP: 2/2
   962 | D:1      | Reached ** piety under Trog
  1317 | D:2      | Reached XP level 4. HP: 35/40 MP: 3/3
  1686 | D:2      | Reached skill level 5 in Axes
  1838 | D:2      | Found a shadowy altar of Dithmenos.
  1861 | D:2      | Found a shattered altar of Ashenzari.
  1865 | D:2      | Reached *** piety under Trog
  2057 | D:3      | Noticed an ogre
  2066 | D:3      | Killed an ogre
  2066 | D:3      | Reached XP level 5. HP: 47/47 MP: 4/4
  2417 | D:3      | Found a runed door.
  2420 | D:3      | Noticed nono's ghost (amateur BaFi)
  2434 | D:3      | Killed nono's ghost
  2434 | D:3      | Reached skill level 5 in Fighting
  2434 | D:3      | Reached skill level 6 in Axes
  2434 | D:3      | Reached XP level 6. HP: 56/56 MP: 5/5
  3714 | D:4      | Reached XP level 7. HP: 35/61 MP: 6/6
  4005 | D:5      | Entered Level 5 of the Dungeon
  4120 | D:5      | Reached skill level 7 in Axes
  4294 | D:5      | Reached **** piety under Trog
  4343 | D:5      | Reached skill level 5 in Armour
  5119 | D:6      | Reached skill level 8 in Axes
  5119 | D:6      | Reached skill level 5 in Dodging
  5119 | D:6      | Reached XP level 8. HP: 50/70 MP: 7/7
  6050 | D:6      | Found a staircase to the Ecumenical Temple.
  6239 | D:6      | Reached skill level 9 in Axes
  6256 | D:6      | Slain by an orc warrior

Vault maps used:
D:1:      tarquinn_simple_flora_water_d, minivault_5, minmay_split_cup_large
D:2:      kennysheep_the_goblin_king, nicolae_dithmenos_through_a_glass_darkly,
          ashenzari_altar_1, serial_glass, glass_columns_a, glass_columns_c,
          minmay_heptomino_d4
D:3:      hellmonk_ghost_happy_afterlife, first_ration
D:4:      serial_corexii_hall, corexii_hall_statues_deadend,
          corexii_hall_statues_i
D:6:      minmay_temple_entry_enclosed_plants, biasface_ghost_orc_armoury

Skill      XL: |  1  2  3  4  5  6  7  8 |
---------------+-------------------------+-----
Axes           | 4 5 6 8 9 |  9.0
Fighting       | 4 5 6 |  6.8
Armour         | 3 4 5 6 |  6.2
Dodging        | 3 4 5 |  5.6

Action                   |  1- 3 |  4- 6 |  7- 9 || total
-------------------------+-------+-------+-------++-------
Melee: Hand axe          |    60 |   140 |   155 ||   355
       Headbutt          |     8 |    28 |    34 ||    70
 Fire: Hunting sling     |       |     1 |     5 ||     6
Throw: Javelin           |       |     2 |       ||     2
Invok: Berserk           |       |     2 |     1 ||     3
       Trog's Hand       |       |     1 |       ||     1
  Use: Scroll            |       |       |    13 ||    13
  Eat: Chunk             |     1 |    10 |     8 ||    19
       Ration            |       |       |     1 ||     1
Armor: Leather armour    |     6 |     7 |       ||    13
       Animal skin       |     2 |       |       ||     2
       Ring mail         |       |     5 |       ||     5
       Scale mail        |       |    52 |    51 ||   103
Dodge: Dodged            |    45 |    85 |    78 ||   208
Block: Buckler           |     3 |    20 |     1 ||    24

Table legend:
 A = Spawn XP
 B = Non-spawn XP
 C = Spawn XP percentage of total XP
 D = Spawn monster count
 E = Non-spawn monster count
 F = Spawn count percentage of total count
 G = Total turns spent on level
                    A         B        C        D         E        F      G
               +---------+---------+-------+---------+---------+-------+---------
         Total |       0 |    2210 |   0.0 |       0 |     138 |   0.0 |  6256
               +---------+---------+-------+---------+---------+-------+---------
           D:1 |       0 |      59 |   0.0 |       0 |      29 |   0.0 |  1188
           D:2 |       0 |     113 |   0.0 |       0 |      32 |   0.0 |   854
           D:3 |       0 |     367 |   0.0 |       0 |      24 |   0.0 |   981
           D:4 |       0 |     200 |   0.0 |       0 |      14 |   0.0 |   982
           D:5 |       0 |     509 |   0.0 |       0 |      13 |   0.0 |   892
           D:6 |       0 |     962 |   0.0 |       0 |      26 |   0.0 |  1359
               +---------+---------+-------+---------+---------+-------+---------
